 Dungeon Crawl Stone Soup version 0.29.0-15-g675c0067aa (webtiles) character file.

Game seed: 10151183739439722221

123 NinjaNoafa the Cudgeller (level 4, 0/37 HPs)
             Began as a Palentonga Monk on Sept 11, 2022.
             Slain by Crazy Yiuf
             ... wielding a +3 quarterstaff of chaos
              (11 damage)
             ... on level 2 of the Dungeon.
             The game lasted 00:05:45 (2144 turns).

NinjaNoafa the Cudgeller (Palentonga Monk)          Turns: 2144, Time: 00:05:45

Health: 0/37       AC:  7    Str: 19    XL:     4   Next: 80%
Magic:  4/4        EV:  6    Int: 10    God:
Gold:   80         SH:  0    Dex: 12    Spells: 3/3 levels left

rFire   . . .      SeeInvis +   a - +0 mace
rCold   . . .      Faith    .   (no shield)
rNeg    . . .      Spirit   .   g - +0 chain mail
rPois   .          Reflect  .   (no helmet)
rElec   .          Harm     .   (no cloak)
rCorr   .          Rampage  .   (no gloves)
Will    .....                   (no barding)
Stlth   ..........              (no amulet)
HPRegen 0.12/turn               (no ring)
MPRegen 0.09/turn               (no ring)

@: confused, mighty, lethally poisoned (0 -> -3), ambrosia-drunk, hasted, very
quick
A: large, rugged brown scales 3, see invisible, deformed body, roll 1, armoured
tail
a: Rolling Charge


You were on level 2 of the Dungeon.
You visited 1 branch of the dungeon, and saw 2 of its levels.

You collected 80 gold pieces.

Inventory:

Hand Weapons
 a - a +0 mace (weapon)
Missiles
 d - 16 stones
Armour
 g - a +0 chain mail (worn)
Scrolls
 b - 4 scrolls of amnesia {unknown}
 f - 2 scrolls of identify {unknown}
 k - a scroll of brand weapon {unknown}
 l - a scroll of teleportation {unknown}
 n - 3 scrolls of torment {unknown}
Potions
 e - a potion of might
 h - a potion of degeneration {unknown}
 i - 3 potions of curing {unknown}
 j - a potion of brilliance {unknown}
 m - a potion of lignification {unknown}


   Skills:
 - Level 3.0 Fighting
 + Level 4.5 Maces & Flails
 + Level 2.4 Armour
 - Level 2.4 Dodging
 - Level 1.2 Stealth


You had 3 spell levels left.
You didn't know any spells.
Your spell library contained the following spells:

 Spells                   Type           Power      Damage    Failure   Level
 Frozen Ramparts          Ice            0%         1d1       100%        3
 Ice Form                 Ice/Tmut       0%         N/A       100%        4
 Summon Ice Beast         Ice/Summ       0%         N/A       100%        4


Dungeon Overview and Level Annotations

Branches:
Dungeon (2/15)

Altars:
Xom

Shops:
D:1 =

Annotations:
D:2 Crazy Yiuf


Innate Abilities, Weirdness & Mutations

You are completely covered in rugged brown scales. (AC +3, +7% HP)
You have supernaturally acute eyesight. (SInv)
Armour fits poorly on your strangely shaped body.
You can roll at nearby foes to attack.
You have a long armoured tail.


Message History

You kill the goblin!
Things that are here:
a +0 dagger; a goblin corpse
f - 2 scrolls labelled WOEFANTIEGG (gained 1)
There is an open door here.
There is an open door here.
Found a runed translucent door.
Crazy Yiuf whimpers, "Scoff infinity childish!"
Crazy Yiuf yells, "Aardvark illywillydillykilly snail!"
There is a stone staircase leading up here.
n - 3 scrolls labelled OTUF KAMMAENT Crazy Yiuf shouts!
Could not explore, unopened runed door.
Could not explore, unopened runed door.
Unknown command.
You open the door. You barely miss Crazy Yiuf. Crazy Yiuf barely misses you.
You closely miss Crazy Yiuf. Crazy Yiuf hits you but does no damage.
You are poisoned.
You hit Crazy Yiuf but do no damage.
You feel very sick.
Crazy Yiuf hits you with a +3 quarterstaff of chaos.
Crazy Yiuf burns you.
It was a potion of might.
You feel very mighty all of a sudden.
You feel sick. Crazy Yiuf barely misses you.
Okay, then.
You completely miss Crazy Yiuf.
You feel sick.
Crazy Yiuf hits you with a +3 quarterstaff of chaos!
Crazy Yiuf freezes you.
You sock Crazy Yiuf!
Crazy Yiuf is heavily wounded.
You feel sick.
Crazy Yiuf hits you with a +3 quarterstaff of chaos.
* * * LOW HITPOINT WARNING * * *
You feel yourself speed up.
You are confused.
You feel invigorated.
You feel sick.
Crazy Yiuf hits you with a +3 quarterstaff of chaos!
You die...

#.# #....#
#.##.#.#.#.#####.# #.#
#....###....#.#.#.#
#.# #.#
#######.........#.#
#.# #.# ###########.#
#.# ##.##### #.# #.#
#......# #.#####.#
#......##♣♣ ###
##........
##.........♣♣ ♣♣#..)#
#......#.#
............♣♣♣♣@g...#
######.#.#
#............♣..♣#...#
#.#.#
#...........♣.♣♣♣ ###
#.#.# #.......##♣♣♣♣♣
######.#.# #..<....#
#......#.# #.#######
#######.#####.# #.#
#.#.#.#.#...#.# #.#
#.#.#.#.#.#.#.# #.#
#.#.#.#.#.#.#.#


You could see Crazy Yiuf.

Vanquished Creatures
  Natasha (thrice) (D:2)
  2 dart slugs
  An endoplasm (D:1)
  5 giant cockroaches
  3 goblins
  6 hobgoblins
  4 jackals (D:2)
  3 kobolds (D:1)
  A quokka (D:1)
  3 ball pythons
  5 bats
  4 frilled lizards
  5 rats
45 creatures vanquished.

Notes
Turn   | Place    | Note
-------+----------+-------------------------------------------
     0 | D:1      | NinjaNoafa the Palentonga Monk began the quest for the Orb.
     0 | D:1      | Reached XP level 1. HP: 19/19 MP: 1/1
    50 | D:1      | Found Ixulusua's Jewellery Shop.
   209 | D:1      | Reached XP level 2. HP: 23/25 MP: 2/2
   624 | D:1      | Reached skill level 1 in Armour
   980 | D:2      | Found a faded altar of an unknown god.
  1064 | D:2      | Reached XP level 3. HP: 31/31 MP: 3/3
  1177 | D:2      | Found a shimmering altar of Xom.
  1510 | D:2      | Noticed Natasha
  1514 | D:2      | Killed Natasha
  1515 | D:2      | Reached skill level 4 in Maces & Flails
  1515 | D:2      | Reached XP level 4. HP: 36/37 MP: 4/4
  1576 | D:2      | Noticed Natasha
  1578 | D:2      | Killed Natasha
  1697 | D:2      | Noticed Natasha
  1702 | D:2      | Killed Natasha
  1987 | D:2      | Found a runed translucent door.
  1988 | D:2      | Noticed Crazy Yiuf
  2144 | D:2      | Slain by Crazy Yiuf

Illustrated notes

Levels and vault maps discovered:
D:1:      ebering_hopf_link, layout_basic, serial_shops, shop_fountains
D:2:      layout_basic, ebering_ecumenical_altar_hall, basic_altar,
          uniq_crazy_yiuf_cottage, uniq_natasha

Skill      XL: |  1  2  3  4 |
---------------+-------------+-----
Armour         | 1 2 |  2.4
Maces & Flails | 4 |  4.5
Fighting       | |  3.0
Dodging        | |  2.4
Stealth        | |  1.2

Action                   |  1- 3 |  4- 6 || total
-------------------------+-------+-------++-------
Melee: Mace              |    83 |    18 ||   101
       Tailslap          |    14 |     2 ||    16
 Abil: Rolling Charge    |    27 |     7 ||    34
  Use: Potion            |       |     2 ||     2
Armor: Robe              |     4 |       ||     4
       Chain mail        |    51 |    11 ||    62
Dodge: Dodged            |    27 |     5 ||    32
